 Dungeon Crawl Stone Soup version 0.30-a0-1082-g70414cbcbb (webtiles) character file.

Game seed: 11367342875966374302

1712930 drjones the Impregnable (level 27, 239/239 HPs)
             Began as an Armataur Fighter on Apr 12, 2023.
             Was the Champion of Makhleb.
             Escaped with the Orb
             ... and 3 runes on Apr 15, 2023!
             The game lasted 05:56:37 (67863 turns).

drjones the Impregnable (Armataur Fighter)         Turns: 67863, Time: 05:56:38

Health: 239/239    AC: 38    Str: 28 (30) XL:     27
Magic:  33/33      EV:  8    Int: 18      God:    Makhleb [******]
Gold:   2906       SH: 34    Dex:  9 (10) Spells: 20/26 levels left

rFire   + + +      SeeInvis +    a - +6 morningstar (flame)
rCold   + . .      Faith    .    D - +7 tower shield of the Arcane {rC+ rN+}
rNeg    + + .      Spirit   +    N - +8 chain mail {Will+}
rPois   +          Reflect  .    V - +2 hat of the Bear Spirit {Spirit, Bear, *Rage Will++}
rElec   +          Roll     +    c - scarf of Vasamadu {rC+ rF+, SInv}
rCorr   +          Rage     20%  B - +1 pair of gloves of Toxtuf {rElec rCorr Int-3}
Will    +++++                    f - +1 barding of Gravitas {rPois rC- Regen+}
Stlth   +                        e - brooch of Shielding {Spirit SH+8}
HPRegen 1.39/turn                W - ring of Ebimadui {rElec rF+++ Int+6 Dex-5}
MPRegen 0.23/turn                J - ring of Intercession {rN+ Int+6 Slay+3 Stlth+}

@: studying 3 skills
A: large, rugged brown scales 3, deformed body, armoured tail, roll, long
tongue, awkward tongue, frail 1, screaming 1, inability to read after injury 1,
MP-powered wands
0: Orb of Zot
}: 3/15 runes: decaying, serpentine, silver
a: Renounce Religion, Minor Destruction, Lesser Servant of Makhleb, Major
Destruction, Greater Servant of Makhleb


You escaped.
You worshipped Makhleb.
Makhleb was exalted by your worship.
You visited 12 branches of the dungeon, and saw 51 of its levels.
You visited 1 bazaar.
You also visited: Trove, Bailey and Wizlab.

You collected 9952 gold pieces.
You spent 7046 gold pieces at shops.

Inventory:

Hand Weapons
 a - a +6 morningstar of flaming (weapon)
 b - the +8 broad axe of Ciuvaine {protect, SInv Stlth+}
   (You took it off a green draconian on level 4 of the Depths)

   SInv:      It lets you see invisible.
   Stlth:     It makes you more stealthy.
Missiles
 A - 2 throwing nets (quivered)
Armour
 c - the scarf of Vasamadu (worn) {rC+ rF+, SInv}
   (You acquired it on level 8 of the Dungeon)

   SInv:      It lets you see invisible.
 f - the +1 barding of Gravitas (worn) {rPois rC- Regen+}
   (You acquired it on level 2 of the Swamp)

   rC:        It makes you vulnerable to cold.
   rPois:     It protects you from poison.
   Regen:     It increases your rate of health regeneration.
 B - the +1 pair of gloves of Toxtuf (worn) {rElec rCorr Int-3}
   (You acquired it on level 4 of the Realm of Zot)

   Int:       It affects your intelligence (-3).
   rElec:     It insulates you from electricity.
   rCorr:     It protects you from acid and corrosion.
 D - the +7 tower shield of the Arcane (worn) {rC+ rN+}
   (You found it in a treasure trove)

   rC:        It protects you from cold.
   rN:        It protects you from negative energy.
 N - a +8 chain mail of willpower (worn)
 V - the +2 hat of the Bear Spirit (worn) {Spirit, Bear, *Rage Will++}
   (You found it on level 5 of the Vaults)

   Bear:      Going berserk makes the wearer exceptionally tough, and they are
   slowed for a shorter time afterward.
   *Rage:     It berserks you when you make melee attacks (+20% chance).
   Will:      It greatly increases your willpower.
Jewellery
 e - the brooch of Shielding (around neck) {Spirit SH+8}
   (You took it off a deep elf zephyrmancer on level 3 of the Elven Halls)

   [amulet of guardian spirit]

   It causes incoming damage to be divided between your reserves of health and
   magic.
   SH:        It affects your SH (+8).
 y - a +4 ring of protection
 E - the ring of the Hippo {Ice Fly Str+2 Int-4 Stlth+}
   (You took it off Josephina on level 4 of the Realm of Zot)

   [ring of ice]

   It enhances your ice magic.
   Str:       It affects your strength (+2).
   Int:       It affects your intelligence (-4).
   rF:        It makes you vulnerable to fire.
   rC:        It protects you from cold.
   Fly:       It grants you flight.
   Stlth:     It makes you more stealthy.
 J - the ring of Intercession (right hand) {rN+ Int+6 Slay+3 Stlth+}
   (You found it in a treasure trove)

   [ring of intelligence]

   Int:       It affects your intelligence (+6).
   Slay:      It affects your accuracy & damage with ranged weapons and melee
   (+3).
   rN:        It protects you from negative energy.
   Stlth:     It makes you more stealthy.
 W - the ring of Ebimadui (left hand) {rElec rF+++ Int+6 Dex-5}
   (You found it in a treasure trove)

   [ring of intelligence]

   Int:       It affects your intelligence (+6).
   Dex:       It affects your dexterity (-5).
   rF:        It renders you almost immune to fire.
   rElec:     It insulates you from electricity.
Wands
 j - a wand of digging (9)
 q - a wand of mindburst (51)
 t - a wand of quicksilver (39)
 x - a wand of polymorph (28)
Scrolls
 d - 9 scrolls of amnesia
 i - 9 scrolls of teleportation
 k - a scroll of silence
 l - 5 scrolls of butterflies
 m - 4 scrolls of magic mapping
 o - 4 scrolls of poison
 s - 11 scrolls of fog
 u - 2 scrolls of enchant armour
 G - 4 scrolls of brand weapon
 R - 11 scrolls of fear
Potions
 h - 3 potions of invisibility
 p - 8 potions of flight
 w - 10 potions of magic
 C - 3 potions of might
 F - 3 potions of cancellation
 M - 11 potions of brilliance
 O - 3 potions of curing
 P - 6 potions of resistance
 Q - 2 potions of haste
 Y - 4 potions of ambrosia
 Z - a potion of berserk rage
Miscellaneous
 g - a condenser vane (inert)
 r - a phantom mirror (inert)


   Skills:
 + Level 20.3 Fighting
 + Level 24.3 Maces & Flails
 + Level 25.3 Armour
 + Level 13.6 Dodging
 + Level 9.0 Stealth
 + Level 19.4 Shields
 - Level 4.5 Air Magic
 - Level 14.0 Invocations
 - Level 11.4 Evocations


You had 20 spell levels left.
You knew the following spells:

 Your Spells              Type           Power      Damage    Failure   Level
a - Portal Projectile     Hex/Tloc       0%         N/A       94%         3
b - Swiftness             Air            16%        N/A       36%         3

Your spell library contained the following spells:

 Spells                   Type           Power      Damage    Failure   Level
 Shock                    Conj/Air       32%        1d5       32%         1
 Poisonous Vapours        Pois/Air       16%        N/A       45%         2
 Static Discharge         Conj/Air       16%        2-3/arc   45%         2
 Cigotuvi's Dreadful Rot  Necr/Pois/Air  10%        N/A       56%         2
 Apportation              Tloc           0%         N/A       63%         1
 Beastly Appendage        Tmut           0%         N/A       63%         1
 Kiss of Death            Conj/Necr      0%         2d5       63%         1
 Magic Dart               Conj           0%         1d3       63%         1
 Necrotise                Necr           0%         1d4       63%         1
 Sting                    Tmut/Pois      0%         1d3       63%         1
 Summon Small Mammal      Summ           0%         N/A       63%         1
 Vhi's Electric Charge    Tloc/Air       16%        N/A       69%         3
 Ensorcelled Hibernation  Hex/Ice        0%         N/A       77%         2
 Lesser Beckoning         Tloc           0%         N/A       77%         2
 Scorch                   Fire           0%         2d5       77%         2
 Searing Ray              Conj           0%         2d4       77%         2
 Sublimation of Blood     Necr           0%         N/A       77%         2
 Wereblood                Tmut           0%         N/A       77%         2
 Airstrike                Air            8%         2d(2-18)  77%         4
 Call Canine Familiar     Summ           0%         N/A       94%         3
 Confusing Touch          Hex            0%         N/A       94%         3
 Gell's Gravitas          Tloc           0%         N/A       94%         3
 Hailstorm                Conj/Ice       0%         3d3       94%         3
 Ignite Poison            Fire/Tmut/Pois 0%         N/A       94%         3
 Inner Flame              Hex/Fire       0%         N/A       94%         3
 Spider Form              Tmut/Pois      0%         N/A       94%         3
 Summon Guardian Golem    Hex/Summ       0%         N/A       94%         3
 Teleport Other           Tloc           0%         N/A       94%         3
 Vampiric Draining        Necr           0%         2d6       94%         3
 Summon Lightning Spire   Summ/Air       8%         N/A       97%         4
 Anguish                  Hex/Necr       0%         N/A       100%        4
 Animate Dead             Necr           0%         N/A       100%        4
 Cause Fear               Hex            0%         N/A       100%        4
 Dispel Undead            Necr           0%         3d6       100%        4
 Flame Wave               Conj/Fire      0%         2d4       100%        4
 Fulminant Prism          Conj/Hex       0%         3d5       100%        4
 Ice Form                 Ice/Tmut       0%         N/A       100%        4
 Leda's Liquefaction      Hex/Erth       0%         N/A       100%        4
 Manifold Assault         Tloc           0%         N/A       100%        4
 Olgreb's Toxic Radiance  Pois           0%         N/A       100%        4
 Petrify                  Tmut/Erth      0%         N/A       100%        4
 Sticky Flame             Conj/Fire      0%         2d3       100%        4
 Summon Ice Beast         Ice/Summ       0%         N/A       100%        4
 Agony                    Necr           0%         N/A       100%        5
 Alistair's Intoxication  Tmut/Pois      0%         N/A       100%        5
 Arcjolt                  Conj/Air       4%         1d14      100%        5
 Blade Hands              Tmut           0%         N/A       100%        5
 Borgnjor's Vile Clutch   Necr/Erth      0%         N/A       100%        5
 Freezing Cloud           Conj/Ice/Air   2%         6-21      100%        5
 Irradiate                Conj/Tmut      0%         3d11      100%        5
 Lee's Rapid Deconstruct  Erth           0%         3d4*      100%        5
 Summon Mana Viper        Hex/Summ       0%         N/A       100%        5
 Conjure Ball Lightning   Conj/Air       4%         3x3d6     100%        6
 Death Channel            Necr           0%         N/A       100%        6
 Dispersal                Tloc           0%         N/A       100%        6
 Eringya's Noxious Bog    Tmut/Pois      0%         N/A       100%        6
 Iron Shot                Conj/Erth      0%         9d1       100%        6
 Simulacrum               Ice/Necr       0%         N/A       100%        6
 Statue Form              Tmut/Erth      0%         N/A       100%        6
 Summon Cactus Giant      Summ           0%         N/A       100%        6
 Dragon Form              Tmut           0%         N/A       100%        7
 Enfeeble                 Hex            0%         N/A       100%        7
 Malign Gateway           Summ/Tloc      0%         N/A       100%        7
 Monstrous Menagerie      Summ           0%         N/A       100%        7
 Orb of Destruction       Conj           0%         9d5       100%        7
 Ozocubu's Refrigeration  Ice            0%         4d7       100%        7
 Spellforged Servitor     Conj/Summ      0%         N/A       100%        7
 Summon Hydra             Summ           0%         N/A       100%        7
 Discord                  Hex            0%         N/A       100%        8
 Disjunction              Tloc           0%         N/A       100%        8
 Ignition                 Fire           0%         3d3       100%        8
 Maxwell's Capacitive Co  Air            8%         ∞         100%        8
 Summon Horrible Things   Summ           0%         N/A       100%        8
 Fire Storm               Conj/Fire      0%         5d1       100%        9
 Polar Vortex             Ice            0%         N/A       100%        9
 Shatter                  Erth           0%         3d5*      100%        9


Dungeon Overview and Level Annotations

Branches:
Dungeon (15/15)            Temple (1/1) D:5            Lair (5/5) D:8
  Swamp (4/4) Lair:2        Snake (4/4) Lair:3        Slime (0/5) Lair:4
    Orc (2/2) D:12            Elf (3/3) Orc:2        Vaults (5/5) D:14
  Crypt (2/3) Vaults:2     Depths (4/4) D:15           Hell (visited)
    Zot (5/5) Depths:4     Bailey (visited)          WizLab (visited)
    Dis: Hell:1         Geh: Hell:1         Coc: Hell:1         Tar: Hell:1

Altars:
Ashenzari
Cheibriados
Dithmenos
Elyvilon
Fedhas
Gozag
Hepliaklqana
Kikubaaqudgha
Makhleb
Nemelex Xobeh
Okawaru
Qazlal
Ru
Sif Muna
Trog
Uskayaw
Vehumet
Wu Jian
Xom
Yredelemnul
Zin
The Shining One

Shops:
D:4 [?*=   D:12 :   Orc:2 (=??   Elf:3 [   Snake:4 :=:   Vaults:2 **[(
Vaults:4 *   Depths:1 [[   Depths:4 *

Portals:
Hell: Depths:1 Depths:2 Depths:3 Depths:4
Abyss: Depths:3
Pandemonium: Depths:2 Depths:3 Depths:4
Ziggurat: Depths:2

Annotations:
D:5 1 runed translucent door, caveywoolpert's ghost, amateur GrEE
D:15 3 transporters
Crypt:1 2 transporters, Dassydak's ghost, adept GrFi
Hell Geryon
Zot:4 2 transporters, Kialluamm's ghost, veteran DrSu
Zot:5 1 runed translucent door, exclusion: door, zkyp's ghost, legendary AtBe


Innate Abilities, Weirdness & Mutations

You are completely covered in rugged brown scales. (AC +3, +7% HP)
Armour fits poorly on your strangely shaped body.
You have a long armoured tail.
You roll when moving toward enemies. (Rampage)
Your long tongue fully drains potion bottles. (2x potion effects)
Your tongue gives you trouble enunciating. (1.5x scroll delay)
You are frail. (-10% HP)
You occasionally shout uncontrollably at your foes.
You occasionally lose the ability to read scrolls when taking damage.
You expend magic power (3 MP) to strengthen your wands.


Message History

The blizzard demon hits you but does no damage.
You barely miss the blizzard demon.
The blizzard demon is moderately wounded.
You block the blizzard demon's attack. x2
You puncture the blizzard demon! You burn the blizzard demon!
The blizzard demon is severely wounded.
The blizzard demon gestures at you. The freezing blast engulfs you. You resist.
You barely miss the blizzard demon.
Your tail-slap misses the blizzard demon.
The blizzard demon is severely wounded.
You are engulfed in freezing vapours.
You resist.
The blizzard demon is engulfed in freezing vapours.
The blizzard demon waves its arms in wide circles.
The air twists around and strikes you!!
The blizzard demon is engulfed in freezing vapours.
The blizzard demon hits you but does no damage.
You block the blizzard demon's attack.
You bludgeon the blizzard demon!! You burn the blizzard demon!
You kill the blizzard demon!
Makhleb accepts your kill.
You feel better.
You are engulfed in freezing vapours.
You resist.
You feel your dexterity returning.
You are engulfed in freezing vapours.
You resist.
You feel yourself speed up.
There is a stone staircase leading up here.
You climb upwards.
There is a stone staircase leading down here.
Things that are here:
a +0 dagger; a kobold skeleton Magic restored.
HP restored.
There is a stone staircase leading up here.
You climb upwards.
There is a stone staircase leading down here.
You open the door.
You recover from your berserk rage.
There is an open door here.
There is a staircase leading out of the dungeon here.
You have escaped!

####.# #.....#####......#
#....###.###....##.....##
#...............#......#
#..#####'#####..#.######
#..#PPP#.#PPP#....#
#).#P⌠P#.#P⌠P#..÷##
#..#PPP#.#PPP#.#>#
#..#####.#####.#.#
#..+....@....'...#
##.#####.#####...#
#.#PPP#.#PPP#.#.#
#.#P⌠P#.#P⌠P#.#.# #
#.#PPP#.#PPP#.#.###### #
#.#####+#####.#......# #
#.............#.####.# #
#######.........# #†# #
########### #.###


There were no monsters in sight!

Vanquished Creatures
  2 dread liches (Vaults:4)
  2 ancient liches (Zot:5)
  Mara (Swamp:4)
  Sojobo (Depths:3)
  Josephina (Zot:4)
  2 Killer Klowns (Zot:5)
  Vashnia (Snake:2)
  3 caustic shrikes (Depths:4)
  A curse toe (Zot:3)
  15 golden dragons
  5 electric golems
  2 liches
  Zenata (Elf:3)
  16 tentacled monstrosities
  24 Orb Guardians
  A walking frostbound tome (Depths:2)
  5 quicksilver dragons
  A deep elf master archer (Elf:3)
  8 titans
  5 sphinxes
  8 death cobs
  5 tengu reavers
  10 shadow dragons
  Agnes (D:15)
  16 storm dragons
  4 nagarajas (Snake:4)
  9 draconian monks
  2 azure jellies (Swamp:4)
  A revenant (Crypt:2)
  7 draconian scorchers
  2 fenstrider witches (Swamp:2)
  2 fire giants
  Aizul (Swamp:4)
  10 deep elf sorcerers
  8 frost giants
  4 draconian knights
  15 vault wardens
  5 spectral caustic shrikes (Depths:4)
  4 draconian shifters
  A deep elf elementalist (Elf:3)
  A ghost moth (Zot:5)
  3 orc warlords
  3 curse skulls (Crypt:1)
  A cacodemon (Depths:2)
  The ghost of Joaw the Bludgeoner, a journeyman GrFi of Okawaru (Orc:1)
  7 ghouls (Crypt:1)
  25 ironbound preservers
  2 spriggan defenders
  A war gargoyle (Vaults:5)
  3 draconian annihilators
  2 draconian stormcallers
  14 stone giants
  6 ironbound thunderhulks
  14 very ugly things
  9 vampire knights
  10 black draconians
  18 green draconians
  13 red draconians
  3 deep elf demonologists
  Nessos (Lair:3)
  3 bunyips
  9 deep elf annihilators
  7 yellow draconians
  6 dire elephants
  15 purple draconians
  3 eleionomae (Swamp:3)
  13 white draconians
  An orange crystal statue (WizLab)
  A blizzard demon (D:3)
  2 green deaths
  5 deep elf death magi
  An eidolon (Crypt:1)
  2 entropy weavers (Vaults:3)
  8 ettins
  7 fire dragons
  12 jiangshi
  8 yaktaur captains
  3 great orbs of eyes
  6 deep elf high priests
  An entropy weaver (shapeshifter) (D:13)
  5 ice dragons
  Erolcha (Orc:2)
  A peacekeeper (Vaults:2)
  12 hydras
  A rakshasa (D:15)
  35 vault guards
  4 salamander tyrants (Snake:4)
  3 boulder beetles
  4 spriggan air magi
  A ghost crab (Swamp:3)
  2 ogre magi
  12 centaur warriors
  A catoblepas (Lair:5)
  33 dancing weapons
  A spriggan skeleton (Crypt:1)
  7 anacondas
  8 ironbound frosthearts
  A death knight (Crypt:2)
  4 deep troll shamans
  3 alligators
  15 naga warriors
  10 two-headed ogres
  3 tengu warriors
  6 vampire magi
  16 death yaks
  3 spectral storm dragons (Crypt:1)
  6 deep troll earth magi (Depths:2)
  17 naga sharpshooters
  An orc high priest (Orc:2)
  7 spriggan berserkers
  8 shock serpents
  16 deep elf knights
  A soul eater (Depths:2)
  Nergalle (Orc:2)
  2 shadow wraiths
  Sonja (Lair:5)
  3 sun demons (Depths:4)
  A fire crab (shapeshifter) (Vaults:5)
  4 salamander mystics
  17 skeletal warriors
  8 iron trolls
  A spark wasp zombie (Depths:2)
  4 swamp dragons
  A flayed ghost (Crypt:2)
  3 sea snakes (Snake:3)
  2 death drakes (Depths:4)
  5 goliath frogs
  A glowing orange brain (shapeshifter) (Vaults:5)
  Lodul (D:11)
  2 spectral anacondas (Snake:1)
  64 deep trolls
  5 naga ritualists
  5 bog bodies
  5 deep elf archers (Elf:3)
  10 ironbound convokers
  A spriggan druid (Depths:4)
  2 glowing orange brains
  2 anaconda skeletons (Snake:1)
  A bunyip skeleton (Crypt:1)
  11 lindwurms
  16 orc knights
  28 deep elf zephyrmancers
  2 tengu zombies (Depths:2)
  6 mana vipers
  20 phantasmal warriors
  36 ugly things
  4 necromancers
  13 wizards
  2 spectral ice dragons (Crypt:1)
  A frost giant zombie (Depths:2)
  12 orc sorcerers
  3 manticores
  25 deep elf pyromancers
  A wolf spider (Lair:5)
  2 oklob plants (Lair:2)
  A will-o-the-wisp (Swamp:3)
  A shadow dragon skeleton (Crypt:1)
  A cyclops (shapeshifter) (Vaults:2)
  2 frost giant skeletons
  6 cyclopes
  A spectral fire dragon (Crypt:1)
  9 guardian serpents
  26 salamanders
  37 black mambas
  An elephant (Lair:5)
  14 naga magi
  21 moths of wrath
  3 rust devils
  A dire elephant zombie (Crypt:1)
  2 smoke demons
  17 vault sentinels
  A guardian serpent (shapeshifter) (Vaults:4)
  17 cane toads
  2 gargoyles (D:14)
  5 large abominations (D:9)
  A komodo dragon (shapeshifter) (Vaults:5)
  4 rime drakes
  Maggie (D:6)
  18 yaktaurs
  A hellion (Depths:3)
  3 tengu conjurers
  2 anaconda simulacra
  5 komodo dragons
  2 ghost moth simulacra (Zot:4)
  A steelbarb worm zombie (Crypt:1)
  An ice devil (Depths:3)
  A black draconian skeleton (Crypt:1)
  10 freezing wraiths
  2 red devils (Depths:2)
  A sea snake skeleton (Snake:1)
  2 spectral nagas (Snake:1)
  An iron troll skeleton (Crypt:2)
  2 polar bears
  A polar bear (shapeshifter) (Vaults:4)
  4 trolls
  2 spectral guardian serpents (Snake:1)
  13 hornets
  A harpy zombie (Crypt:1)
  A shadow dragon simulacrum (Zot:4)
  4 tyrant leeches
  A draconian simulacrum (Zot:4)
  A harpy skeleton (Crypt:1)
  5 blink frogs (Lair:1)
  A jumping spider zombie (Crypt:2)
  13 flying skulls (Crypt:1)
  33 slime creatures
  An ettin skeleton (Crypt:1)
  9 spriggans
  2 jumping spiders (Vaults:3)
  2 air elementals
  7 wyverns
  4 wraiths
  16 humans
  2 fire elementals (Elf:1)
  5 basilisks
  Grum (Lair:1)
  A human (shapeshifter) (Elf:3)
  6 redbacks
  A golden eye (shapeshifter) (D:14)
  A golden eye (Depths:1)
  38 yaks
  3 chaos spawn
  2 human simulacra (Vaults:3)
  9 wargs
  3 steam dragons
  10 vampire mosquitoes
  3 sea snake simulacra (Snake:1)
  A purple draconian simulacrum (Zot:4)
  A swamp worm simulacrum (Swamp:4)
  17 swamp worms
  5 acid dragons
  42 nagas
  A hell hound (D:4)
  A two-headed ogre skeleton (Crypt:1)
  14 hydra simulacra (Swamp:4)
  4 naga skeletons (Snake:1)
  A floating eye (Depths:3)
  25 water moccasins
  A human skeleton (Vaults:3)
  3 guardian serpent simulacra (Snake:1)
  2 sky beasts
  6 swamp drakes
  2 black bears (D:7)
  42 orc warriors
  An ice beast (D:8)
  12 ogres
  17 wolves
  7 small abominations (D:9)
  12 centaurs
  4 kobold brigands
  14 bullfrogs
  5 naga simulacra (Snake:1)
  3 necrophages (Crypt:1)
  A scorpion (D:4)
  3 earth elementals
  12 wights
  A queen bee zombie (Crypt:2)
  A water moccasin skeleton (Crypt:1)
  6 killer bees (D:7)
  A shapeshifter skeleton (Crypt:1)
  9 howler monkeys
  3 electric eels
  4 vampire bats (Lair:3)
  5 hounds
  A jelly (D:4)
  16 orc priests
  6 iguanas
  Terence (D:3)
  3 sleepcaps
  51 orc wizards
  2 ogre skeletons
  11 gnolls
  6 adders
  2 shadow imps
  A white imp (D:5)
  An ufetubus (D:4)
  7 swamp drake simulacra (Swamp:4)
  4 worms
  A dart slug (D:1)
  96 orcs
  4 ball pythons
  A bat skeleton (Crypt:2)
  7 endoplasms
  3 giant cockroaches
  6 hobgoblins
  22 kobolds
  5 quokkas
  A river rat zombie (Crypt:2)
  12 bats
  2 frilled lizards (D:1)
  17 goblins
  A jackal skeleton (Crypt:2)
  A kobold zombie (Crypt:1)
  9 rats
  A bush (Lair:2)
  A butterfly (Lair:3)
  A fungus (Lair:2)
2068 creatures vanquished.

Vanquished Creatures (collateral kills)
  Tiamat (Zot:1)
  An Orb Guardian (Zot:5)
  A tengu reaver (Vaults:5)
  A draconian stormcaller (Zot:5)
  An ironbound preserver (Vaults:3)
  A deep elf annihilator (Vaults:3)
  An entropy weaver (Vaults:3)
  A deep troll earth mage (Depths:2)
  A dancing weapon (Vaults:5)
  A deep troll (Vaults:1)
  2 moths of wrath (Zot:5)
  A vault sentinel (Vaults:3)
  A troll (Vaults:4)
14 creatures vanquished.

Vanquished Creatures (others)
  3 draconian knights (Zot:3)
  A spriggan (Swamp:4)
  A deep elf pyromancer (Elf:1)
  A deep elf zephyrmancer (Elf:2)
  A moth of wrath (Zot:3)
  2 bloated husks (Swamp:3)
  A hornet (Swamp:4)
  A water elemental (Elf:1)
  A yak (Lair:3)
  2 orcs
  10 foxfires (Swamp:3)
  29 fungi
  142 plants
195 creatures vanquished.

Grand Total: 2277 creatures vanquished

Notes
Turn   | Place    | Note
-------+----------+-------------------------------------------
     0 | D:1      | drjones the Armataur Fighter began the quest for the Orb.
     0 | D:1      | Reached XP level 1. HP: 19/19 MP: 1/1
   103 | D:1      | Reached XP level 2. HP: 24/26 MP: 2/2
   669 | D:2      | Reached XP level 3. HP: 31/32 MP: 3/3
  1175 | D:3      | Reached XP level 4. HP: 39/39 MP: 4/4
  1257 | D:3      | Noticed Terence
  1266 | D:3      | Killed Terence
  1966 | D:4      | Found Ywizyam's Antique Armour Emporium.
  1969 | D:4      | Found Naumuc's Assorted Antiques.
  1970 | D:4      | Found Mesul's Jewellery Emporium.
  1975 | D:4      | Found Nayc's Magic Scroll Emporium.
  1986 | D:4      | Bought a scroll of blinking for 97 gold pieces
  2059 | D:4      | Reached XP level 5. HP: 42/44 MP: 5/5
  2185 | D:4      | Reached skill level 5 in Maces & Flails
  2466 | D:4      | Reached XP level 6. HP: 52/53 MP: 6/6
  2873 | D:5      | Entered Level 5 of the Dungeon
  2906 | D:5      | Found a shadowy altar of Dithmenos.
  2957 | D:5      | Found a blossoming altar of Fedhas.
  3074 | D:5      | Found a staircase to the Ecumenical Temple.
  3085 | Temple   | Entered the Ecumenical Temple
  3203 | Temple   | Became a worshipper of Makhleb the Destroyer
  3244 | D:5      | Reached XP level 7. HP: 46/59 MP: 7/7
  3544 | D:5      | Found a sacrificial altar of Ru.
  3589 | D:5      | Found a runed translucent door.
  3911 | D:5      | Found a glowing golden altar of the Shining One.
  4268 | D:5      | Noticed caveywoolpert's ghost (amateur GrEE)
  4474 | D:6      | Noticed Maggie
  4477 | D:6      | Reached XP level 8. HP: 34/66 MP: 8/8
  5111 | D:6      | Killed Maggie
  5112 | D:6      | Reached skill level 10 in Maces & Flails
  5567 | D:7      | Reached * piety under Makhleb
  5579 | D:7      | Reached XP level 9. HP: 41/72 MP: 9/9
  5816 | D:7      | Upgraded the game from 0.30-a0-1066-g63dfefce0d to
                  | 0.30-a0-1074-g5db6f66fbb
  5874 | D:7      | Identified 2 scrolls of acquirement
  5877 | D:7      | Acquired a +3 heavy dire flail
  6641 | D:8      | Found a sparkling altar of Nemelex Xobeh.
  6642 | D:8      | Found an opulent altar of Gozag.
  6659 | D:8      | Noticed a death yak
  6665 | D:8      | Found a staircase to the Lair.
  6679 | D:8      | Killed a death yak
  6680 | D:8      | Noticed a death yak
  6684 | D:8      | Noticed a death yak
  6691 | D:7      | Killed a death yak
  6692 | D:7      | Reached XP level 10. HP: 48/79 MP: 10/10
  6828 | D:8      | Killed a death yak
  6952 | D:8      | Acquired the scarf of Vasamadu {rC+ rF+, SInv}
  7235 | D:8      | Reached ** piety under Makhleb
  7544 | D:8      | Found a hide-covered altar of Uskayaw.
  7553 | D:8      | Found a white marble altar of Elyvilon.
  7585 | Lair:1   | Entered Level 1 of the Lair of Beasts
  7628 | Lair:1   | Noticed a death yak
  7635 | Lair:1   | Noticed a cane toad
  7649 | D:8      | Killed a cane toad
  7651 | D:8      | Reached skill level 15 in Maces & Flails
  7789 | Lair:1   | Noticed a death yak
  7790 | Lair:1   | Noticed a death yak
  7801 | Lair:1   | Noticed a death yak
  7802 | Lair:1   | Noticed a death yak
  7820 | D:8      | Killed a death yak
  8103 | D:9      | Noticed a wizard
  8105 | D:9      | Killed a wizard
  8106 | D:9      | Reached XP level 11. HP: 86/86 MP: 11/11
  8113 | D:9      | Noticed a large abomination
  8822 | D:9      | Reached skill level 4 in Armour
  9153 | D:10     | Entered Level 10 of the Dungeon
  9277 | D:10     | Found a basalt altar of Yredelemnul.
  9319 | D:10     | Reached *** piety under Makhleb
  9324 | D:10     | Found a flagged portal.
  9352 | Bailey   | Entered a bailey
  9550 | Bailey   | Reached skill level 5 in Armour
  9564 | Bailey   | Noticed an orc knight
  9579 | Bailey   | Killed an orc knight
  9618 | Bailey   | Acquired a manual of Maces & Flails
  9668 | Bailey   | Found an iron altar of Okawaru.
  9668 | Bailey   | Noticed an orc sorcerer
  9668 | Bailey   | Noticed an orc sorcerer
  9672 | Bailey   | Killed an orc sorcerer
  9675 | Bailey   | Paralysed by an orc sorcerer for 5 turns
  9681 | Bailey   | Killed an orc sorcerer
  9787 | Bailey   | Identified the scarf "Ocyrpheq" {harm, rN++ rCorr Int+3
                  | Dex-4}
  9824 | Bailey   | Reached skill level 6 in Armour
  9867 | Bailey   | Reached **** piety under Makhleb
 10142 | D:10     | Found an ancient bone altar of Kikubaaqudgha.
 10161 | D:10     | Reached skill level 5 in Fighting
 10330 | D:10     | Noticed a green ugly thing
 10337 | D:10     | Killed a green ugly thing
 10338 | D:10     | Reached skill level 7 in Armour
 10748 | D:8      | Killed a death yak
 10764 | D:8      | Killed a death yak
 10765 | D:8      | Reached XP level 12. HP: 32/100 MP: 12/12
 11045 | D:8      | Killed a death yak
 11178 | Lair:1   | Killed a death yak
 11438 | Lair:1   | Noticed Grum
 11444 | Lair:1   | Killed Grum
 11445 | Lair:1   | Reached skill level 8 in Armour
 12286 | Lair:2   | Found a staircase to the Swamp.
 12384 | Lair:2   | Found a hide-covered altar of Uskayaw.
 12507 | Lair:2   | Reached skill level 9 in Armour
 13361 | Lair:3   | Noticed Nessos
 13371 | Lair:3   | Killed Nessos
 13379 | Lair:3   | Reached ***** piety under Makhleb
 13397 | Lair:3   | Learned a level 3 spell: Portal Projectile
 13636 | Lair:3   | Acquired a manual of Fighting
 13713 | Lair:3   | Noticed a four-headed hydra
 13717 | Lair:3   | Noticed a four-headed hydra
 13720 | Lair:3   | Killed a four-headed hydra
 13734 | Lair:3   | Killed a four-headed hydra
 13735 | Lair:3   | Reached skill level 10 in Armour
 13914 | Lair:3   | Found a staircase to the Snake Pit.
 13991 | Lair:3   | Noticed a six-headed hydra
 14001 | Lair:3   | Killed a six-headed hydra
 14002 | Lair:3   | Reached XP level 13. HP: 102/115 MP: 13/13
 14542 | Lair:3   | Identified the +4 rapier of Iboklos {venom, Str+3}
 14745 | Lair:4   | Reached skill level 1 in Invocations
 14910 | Lair:3   | Reached skill level 11 in Armour
 15259 | Lair:4   | Found a staircase to the Slime Pits.
 15480 | Lair:5   | Entered Level 5 of the Lair of Beasts
 15480 | Lair:5   | Noticed Sonja
 15482 | Lair:5   | Killed Sonja
 15506 | Lair:5   | Reached skill level 10 in Fighting
 15785 | Lair:5   | Paralysed by a hornet for 3 turns
 16291 | Lair:5   | Reached skill level 12 in Armour
 16939 | Lair:5   | Reached XP level 14. HP: 132/132 MP: 17/17
 17059 | Lair:5   | Reached skill level 5 in Invocations
 18062 | D:9      | Reached ****** piety under Makhleb
 18389 | D:11     | Noticed Lodul
 18400 | D:11     | Killed Lodul
 18407 | D:11     | Reached skill level 13 in Armour
 18595 | D:11     | Found a bloodstained altar of Trog.
 19031 | D:12     | Found Ishemiav's Book Shoppe.
 19285 | D:12     | Found a staircase to the Orcish Mines.
 19884 | Orc:1    | Entered Level 1 of the Orcish Mines
 19974 | Orc:1    | Found a bloodstained altar of Trog.
 20002 | Orc:1    | Found a runed translucent gate.
 20003 | Orc:1    | Found a runed translucent gate.
 20005 | Orc:1    | Found a runed translucent gate.
 20007 | Orc:1    | Noticed Joaw's ghost (journeyman GrFi)
 20022 | Orc:1    | Noticed an orc warlord
 20064 | Orc:1    | Killed an orc warlord
 20256 | Orc:1    | You fall into a shaft and drop 1 floor!
 20256 | Orc:2    | Entered Level 2 of the Orcish Mines
 20286 | Orc:2    | Found a radiant altar of Vehumet.
 20286 | Orc:2    | Noticed Erolcha
 20297 | Orc:2    | Killed Erolcha
 20437 | Orc:2    | Found Vuikiall's Magic Scroll Shop.
 20441 | Orc:2    | Noticed Nergalle
 20452 | Orc:2    | Killed Nergalle
 20633 | Orc:2    | Found a staircase to the Elven Halls.
 20981 | Orc:1    | Killed Joaw's ghost
 20982 | Orc:1    | Reached XP level 15. HP: 111/143 MP: 20/20
 21305 | Orc:1    | Reached skill level 14 in Armour
 21661 | Orc:2    | Bought a scroll of identify for 30 gold pieces
 21661 | Orc:2    | Bought a scroll of identify for 30 gold pieces
 21661 | Orc:2    | Bought a scroll of fear for 60 gold pieces
 21661 | Orc:2    | Bought a scroll of teleportation for 45 gold pieces
 21661 | Orc:2    | Bought a scroll of teleportation for 45 gold pieces
 21661 | Orc:2    | Bought a scroll of teleportation for 45 gold pieces
 21669 | Orc:2    | Found an ancient bone altar of Kikubaaqudgha.
 21715 | Orc:2    | Found Jaacu's Antique Weapon Boutique.
 21722 | Orc:2    | Found Apuackupax's Jewellery Boutique.
 21734 | Orc:2    | Found Das Mio's Magic Scroll Shop.
 21745 | Orc:2    | Bought a scroll of identify for 30 gold pieces
 21745 | Orc:2    | Bought a scroll of identify for 30 gold pieces
 21767 | Orc:2    | Bought a steaming flail for 255 gold pieces
 21767 | Orc:2    | Identified the +1 flail of the Jester {vamp, rC+ Str+8
                  | Int-3} (You bought it in a shop on level 2 of the Orcish
                  | Mines)
 21767 | Orc:2    | Bought a great mace for 195 gold pieces
 22035 | D:4      | Bought a scroll of enchant weapon for 97 gold pieces
 22035 | D:4      | Bought a scroll of enchant weapon for 97 gold pieces
 22035 | D:4      | Bought a scroll of brand weapon for 123 gold pieces
 22540 | Swamp:1  | Entered Level 1 of the Swamp
 22808 | Swamp:1  | Identified the +1 pair of gloves "Quebef" {Contam rN+ rCorr
                  | Stlth+}
 23614 | Swamp:2  | Acquired the +1 barding of Gravitas {rPois rC- Regen+}
 23635 | Swamp:2  | Noticed a fenstrider witch
 23635 | Swamp:2  | Paralysed by a fenstrider witch for 3 turns
 23640 | Swamp:2  | Killed a fenstrider witch
 23697 | Swamp:2  | Noticed a fenstrider witch
 23721 | Swamp:2  | Killed a fenstrider witch
 24143 | Swamp:3  | Reached skill level 1 in Evocations
 24571 | Swamp:3  | Reached skill level 15 in Armour
 24911 | Swamp:4  | Entered Level 4 of the Swamp
 25095 | Swamp:4  | Noticed Aizul
 25111 | Swamp:4  | Killed Aizul
 25280 | Swamp:4  | Noticed Mara
 25315 | Swamp:4  | Noticed drjones's illusion
 25315 | Swamp:4  | Killed Mara
 25592 | Swamp:4  | Noticed an azure jelly
 25602 | Swamp:4  | Killed an azure jelly
 25603 | Swamp:4  | Reached XP level 16. HP: 112/157 MP: 23/23
 25803 | Swamp:4  | Got a decaying rune of Zot
 25805 | Swamp:4  | Noticed a tentacled monstrosity
 25818 | Swamp:4  | Killed a tentacled monstrosity
 26022 | Snake:1  | Entered Level 1 of the Snake Pit
 26265 | Snake:1  | Reached skill level 15 in Fighting
 26779 | Snake:2  | Reached skill level 10 in Invocations
 27018 | Snake:2  | Reached skill level 5 in Evocations
 27236 | Snake:2  | Noticed Vashnia
 27292 | Snake:2  | Killed Vashnia
 27293 | Snake:2  | Reached skill level 16 in Armour
 28607 | Snake:3  | Found an opulent altar of Gozag.
 29072 | Snake:4  | Entered Level 4 of the Snake Pit
 29080 | Snake:3  | Reached XP level 17. HP: 166/166 MP: 25/25
 29696 | Snake:4  | Found Deaw Qam's Book Shoppe.
 29696 | Snake:4  | Found Ypyis's Jewellery Boutique.
 29697 | Snake:4  | Found Alyip's Book Shoppe.
 30193 | D:4      | Bought the amulet "Kinasch" {Spirit *Corrode rElec Dex+3}
                  | for 536 gold pieces
 31092 | Snake:4  | Reached skill level 17 in Armour
 31446 | Snake:4  | Got a serpentine rune of Zot
 32037 | D:13     | Identified the +2 robe "Edusiz" {MP+9 Int+3 Dex-5}
 32381 | D:14     | Found a gate to the Vaults.
 32683 | Snake:4  | Bought an amulet of regeneration for 450 gold pieces
 33600 | Vaults:1 | Entered Level 1 of the Vaults
 34375 | D:15     | Entered Level 15 of the Dungeon
 34391 | D:14     | Reached XP level 18. HP: 177/177 MP: 27/27
 35568 | Vaults:1 | Reached skill level 18 in Armour
 36069 | Vaults:2 | Found Estrelini's Antique Weapon Emporium.
 36175 | Vaults:2 | Reached skill level 10 in Evocations
 36344 | Vaults:2 | Found a staircase to the Crypt.
 36344 | Vaults:2 | Found an ancient bone altar of Kikubaaqudgha.
 36345 | Vaults:2 | Found a basalt altar of Yredelemnul.
 36934 | Vaults:2 | Acquired the ring "Dub Avuwu" {rPois rN+ Str+6}
 37004 | Vaults:2 | Found Gozag's Assorted Antiques.
 37015 | Vaults:2 | Reached XP level 19. HP: 178/189 MP: 28/28
 37033 | Vaults:2 | Found Gozag's Assorted Antiques.
 37036 | Vaults:2 | Found an opulent altar of Gozag.
 37036 | Vaults:2 | Found Gozag's Antique Armour Boutique.
 37483 | Vaults:2 | Identified the amulet of Seage {Faith rC+ Str-2 Dex+3}
 37706 | Vaults:3 | Found a flickering gateway to a bazaar.
 37720 | Bazaar   | Entered a bazaar
 37720 | Bazaar   | Found Tyrre's Antique Weapon Shoppe.
 37720 | Bazaar   | Found Imuog's Book Boutique.
 37720 | Bazaar   | Found Peasu's Weapon Shoppe.
 37720 | Bazaar   | Found Luyfuosh's Assorted Antiques.
 37722 | Bazaar   | Found Uvesoeha's Jewellery Emporium.
 38316 | Vaults:3 | Reached skill level 19 in Armour
 38456 | Vaults:3 | HP: 1/189 [ironbound thunderhulk/bolt of lightning (43)]
 39419 | Vaults:3 | Reached skill level 5 in Shields
 40175 | Vaults:4 | Found Hadozatwu's Assorted Antiques.
 40970 | Vaults:4 | Reached skill level 10 in Shields
 40970 | Vaults:4 | Reached XP level 20. HP: 148/196 MP: 17/30
 41544 | Crypt:1  | Entered Level 1 of the Crypt
 42391 | Elf:1    | Entered Level 1 of the Elven Halls
 42402 | Elf:1    | Reached skill level 1 in Stealth
 43877 | Elf:2    | Found a runed translucent gate.
 43878 | Elf:2    | Found a runed translucent gate.
 43878 | Elf:2    | Found a runed translucent gate.
 44430 | Elf:3    | Entered Level 3 of the Elven Halls
 44683 | Elf:3    | Reached skill level 5 in Stealth
 44785 | Elf:3    | Paralysed by an air elemental for 1 turns
 44966 | Elf:3    | Reached skill level 20 in Armour
 45061 | Elf:3    | Noticed Zenata
 45076 | Elf:3    | Killed Zenata
 45246 | Elf:3    | Identified the ring of the Real Monster {rCorr AC+4 Str-4
                  | Dex+3}
 45379 | Elf:3    | Found Josedio's Antique Armour Shop.
 45493 | Elf:3    | Reached XP level 21. HP: 207/207 MP: 29/31
 45985 | Elf:3    | Identified the +3 lajatang of Domination {holy, *Noise
                  | rElec Int+4}
 46225 | Elf:3    | Got the Compendium of Dynamic Ouranomancy
 46311 | Elf:3    | Identified the staff of death "Cipnopuhit" {rPois rN+ Str+2
                  | Stlth+}
 46312 | Elf:3    | Identified the staff of cold "Pecipat" {rC+ Stlth+}
 46718 | Vaults:5 | Entered Level 5 of the Vaults
 46735 | Vaults:5 | Reached skill level 1 in Dodging
 46946 | Vaults:4 | Reached skill level 5 in Dodging
 47228 | Vaults:5 | Noticed a dread lich
 47254 | Vaults:4 | Killed a dread lich
 47532 | Vaults:5 | Noticed a golden dragon
 47535 | Vaults:5 | Noticed a dread lich
 47784 | Vaults:4 | Killed a golden dragon
 48034 | Vaults:5 | Identified the amulet "Ivorein" {RegenMP Int+3}
 48058 | Vaults:4 | Killed a dread lich
 48300 | Vaults:4 | Reached XP level 22. HP: 216/216 MP: 30/32
 48530 | Vaults:5 | Got a silver rune of Zot
 48575 | Vaults:5 | Got the Volume of Accelerants and the Anticline
 48580 | Vaults:5 | Identified the +3 buckler "Pimetal" {Drain rC+++ Slay+3}
 48833 | Vaults:5 | Identified the +0 battleaxe of Pewnymux {heavy, *Slow rElec
                  | Will+ Str+7}
 48849 | Vaults:5 | Identified the +4 sling "Hydrabane" {elec, Will+ Int+3}
 48956 | Vaults:5 | Identified the staff of cold "Makitetu" {rC+ Int+2}
 49032 | Vaults:5 | Found the +2 hat of the Bear Spirit {Spirit, Bear, *Rage
                  | Will++}
 49048 | Vaults:5 | Got Cunohuz's Parchment of Percussion
 49295 | Vaults:5 | Identified the +2 pair of boots of Famuhiossi {Slay+2}
 49301 | Vaults:5 | Identified the staff of air "Omifoapo" {rElec Str+3}
 49320 | Vaults:5 | Identified the +8 dagger "Wedopira" {freeze, *Noise rF+
                  | Will+++ Str+2}
 49320 | Vaults:5 | Identified the +0 leather armour "Eweokh" {rC++ Will+
                  | Str+3}
 49618 | D:15     | Found a staircase to the Depths.
 49921 | D:15     | Found a transporter.
 49921 | D:15     | Found a transporter.
 49923 | D:15     | Found a transporter.
 50037 | D:15     | Found a transporter.
 50239 | D:15     | Noticed Agnes
 50251 | D:15     | Killed Agnes
 50661 | Depths:1 | Entered Level 1 of the Depths
 50676 | Depths:1 | Reached skill level 15 in Shields
 50806 | Depths:1 | Found a magical portal.
 50815 | WizLab   | Entered Wucad Mu's Monastery
 51111 | WizLab   | Found the crystal ball of Wucad Mu {*channel}
 51151 | WizLab   | Reached XP level 23. HP: 223/223 MP: 15/33
 51151 | WizLab   | Reached XP level 24. HP: 231/231 MP: 15/33
 51371 | Depths:1 | Found Cemacaf's Armour Shop.
 51375 | Depths:1 | Found Zomingavapt's Antique Armour Boutique.
 51743 | Depths:1 | Found a gateway to Hell.
 52082 | Depths:1 | Found a blossoming altar of Fedhas.
 52385 | Depths:2 | Found a one-way gateway to a ziggurat.
 52589 | Depths:2 | Reached skill level 10 in Dodging
 52956 | Depths:2 | Found a one-way gate leading to the halls of Pandemonium.
 52967 | Depths:2 | Reached skill level 21 in Armour
 53183 | Depths:2 | Upgraded the game from 0.30-a0-1074-g5db6f66fbb to
                  | 0.30-a0-1075-gcd70e7a56d
 53575 | Depths:3 | Noticed Sojobo
 53582 | Depths:3 | Paralysed by an air elemental for 1 turns
 53589 | Depths:3 | Paralysed by an air elemental for 1 turns
 53596 | Depths:3 | Killed Sojobo
 54018 | Depths:3 | Found a one-way gate to the infinite horrors of the Abyss.
 54328 | Hell     | Entered the Vestibule of Hell
 54328 | Hell     | Noticed Geryon
 54341 | Depths:4 | Entered Level 4 of the Depths
 54412 | Depths:4 | Found Huruf's General Store.
 54464 | Depths:4 | Bought a scroll of enchant weapon for 180 gold pieces
 54706 | Depths:4 | Found a portal to a secret trove of treasure.
 54782 | Depths:4 | Reached XP level 25. HP: 190/228 MP: 23/33
 54801 | Depths:4 | Reached skill level 22 in Armour
 55328 | Depths:4 | Identified the +8 broad axe of Ciuvaine {protect, SInv
                  | Stlth+}
 56050 | Depths:4 | Found a gate to the Realm of Zot.
 56531 | Zot:1    | Entered Level 1 of the Realm of Zot
 56608 | Zot:1    | Found the +4 dragonskin cloak
 56608 | Zot:1    | Noticed Tiamat
 56668 | Depths:4 | Reached skill level 23 in Armour
 57211 | Crypt:1  | Identified the ring of Xeannen {Wiz rPois rC++ Str-5}
 57436 | Crypt:1  | Found a transporter.
 57498 | Crypt:1  | Found a transporter.
 57627 | Crypt:1  | Noticed Dassydak's ghost (adept GrFi)
 57627 | Crypt:1  | Noticed a royal mummy
 57632 | Crypt:1  | Identified the ring of Ciufuem {Fly rF++ Str-4 Dex+5
                  | Slay+3}
 59000 | Depths:4 | You paid a toll of +2 gold dragon scales to enter a
                  | treasure trove
 59001 | Trove    | Entered a treasure trove
 59003 | Trove    | Identified the amulet "Meumeuxa" {Acrobat Harm Str+3 Dex+3}
 59006 | Trove    | Identified the amulet "Tokhek" {Spirit Will+ Int+7}
 59011 | Trove    | Identified the +0 tower shield of Understanding {rCorr}
 59015 | Trove    | Identified the +7 tower shield of the Arcane {rC+ rN+}
 59038 | Trove    | Identified the ring "Odghia" {rN+ EV+5 Int+6}
 59052 | Trove    | Identified the +2 hat of Dishonesty {Str+4 Slay+2}
 59061 | Trove    | Identified the ring of Intercession {rN+ Int+6 Slay+3
                  | Stlth+}
 59090 | Trove    | Identified the ring "Dosonn" {rElec rC- rCorr Str+4}
 59105 | Trove    | Identified the ring of the Supporting Pariah {Str+6 Dex+3}
 59120 | Trove    | Identified the ring "Xazos" {rPois rC- Str+6 Int+3 SInv}
 59133 | Trove    | Identified the ring of Sitetili {rPois Int+6}
 59145 | Trove    | Identified the ring of Ebimadui {rElec rF+++ Int+6 Dex-5}
 59161 | Trove    | Identified the +2 hat of Abstinence {Dex+4}
 59162 | Trove    | Identified the +2 hat of Birdsong {rElec rPois Stlth+}
 59224 | Depths:4 | Learned a level 3 spell: Swiftness
 59407 | Zot:1    | Killed Tiamat
 59408 | Zot:1    | Reached skill level 1 in Air Magic
 59750 | Zot:1    | Identified the +3 broad axe of the Old World {flame, rF++
                  | Will-}
 59853 | Zot:1    | Reached skill level 24 in Armour
 59955 | Zot:1    | Reached XP level 26. HP: 253/253 MP: 29/33
 59983 | Zot:1    | Identified the ring of Geaneoc {Fly rPois MP+9 Stlth+}
 60031 | Zot:1    | Identified the staff of poison "Miczuwe" {rElec rPois rF+
                  | Str+3}
 61092 | Vaults:4 | Bought a scroll of teleportation for 93 gold pieces
 61351 | D:4      | Bought a scroll of blinking for 195 gold pieces
 61351 | D:4      | Bought an ancient plate armour for 728 gold pieces
 61351 | D:4      | Identified the +4 plate armour "Vucsim" {Str+3} (You bought
                  | it in a shop on level 4 of the Dungeon)
 61357 | D:4      | Bought a scroll of enchant armour for 195 gold pieces
 61590 | Snake:4  | Bought a manual of Dodging for 1040 gold pieces
 61917 | Vaults:2 | Bought a scroll of enchant weapon for 750 gold pieces
 61925 | Vaults:2 | Bought a scroll of blinking for 750 gold pieces
 61925 | Vaults:2 | Bought a jewelled chain mail for 950 gold pieces
 61925 | Vaults:2 | Identified the +1 chain mail of the Alphagorgon {Slay+2}
                  | (You bought it in a shop on level 2 of the Vaults)
 63092 | Zot:3    | Upgraded the game from 0.30-a0-1075-gcd70e7a56d to
                  | 0.30-a0-1082-g70414cbcbb
 64620 | Zot:4    | Acquired the +1 pair of gloves of Toxtuf {rElec rCorr
                  | Int-3}
 64790 | Zot:4    | Noticed Kialluamm's ghost (veteran DrSu)
 64795 | Zot:4    | Found a transporter.
 64825 | Zot:4    | Found a transporter.
 65118 | Zot:4    | Identified the ring of the Hippo {Ice Fly Str+2 Int-4
                  | Stlth+}
 65118 | Zot:4    | Noticed Josephina
 65133 | Zot:4    | Killed Josephina
 65191 | Zot:5    | Entered Level 5 of the Realm of Zot
 65447 | Zot:5    | Found a runed translucent door.
 65509 | Zot:5    | Noticed zkyp's ghost (legendary AtBe)
 66126 | Zot:5    | Noticed an ancient lich
 66128 | Zot:5    | Reached skill level 25 in Armour
 66133 | Zot:5    | Noticed an ancient lich
 66135 | Zot:5    | Noticed a dread lich
 66137 | Zot:5    | Killed an ancient lich
 66138 | Zot:5    | Noticed an orb of fire
 66144 | Zot:5    | Noticed an ancient lich
 66145 | Zot:5    | Noticed an orb of fire
 66147 | Zot:5    | Gained mutation: You are frail. (-10% HP) [an orb of fire]
 66149 | Zot:5    | Gained mutation: You expend magic power (3 MP) to
                  | strengthen your wands. [an orb of fire]
 66190 | Zot:5    | HP: 9/462 [quicksilver dragon (26)]
 67049 | Zot:5    | Killed an ancient lich
 67165 | Zot:5    | Reached XP level 27. HP: 238/238 MP: 33/33
 67318 | Zot:5    | Gained mutation: You occasionally shout uncontrollably at
                  | your foes. [an orb of fire]
 67320 | Zot:5    | Gained mutation: You occasionally lose the ability to read
                  | scrolls when taking damage. [an orb of fire]
 67356 | Zot:5    | Got the Orb of Zot
 67598 | Depths:2 | Noticed Upiet the pandemonium lord
 67863 | D:$      | Escaped with the Orb!

Illustrated notes

Levels and vault maps discovered:
D:1:      beargit_arrival_greenhouse, layout_basic, corner_web_ring,
          minivault_24
D:2:      layout_rooms
D:3:      layout_basic, grunt_decor_cap, uniq_terence
D:4:      layout_cave_pools, nicolae_hexahallways, minmay_shop_grid_forest
D:5:      layout_basic, old_standard_altar, grunt_dithmenos_smoke_and_mirrors,
          nicolae_ru_the_path_less_chosen, mainiacjoe_overflow_alcove_2,
          minmay_temple_entry_purple_smoke, ebering_ghost_sewer_d
D:6:      layout_basic, minmay_crystal_room, kennysheep_small_circle,
          uniq_maggie
D:7:      black_bear_nest_1, layout_basic, hangedman_decor_points, minivault_25
D:8:      layout_cave_pools, grunt_temple_overflow_opulence,
          mainiacjoe_overflow_big_doors, dpeg_lair_monsters
D:9:      layout_loops_ring, laboratory
D:10:     layout_small_grid, mainiacjoe_overflow_concentric_impassable,
          mainiacjoe_overflow_tiny_flanked, enter_bailey_5
D:11:     layout_rooms, trog_three_pillars_becter, uniq_lodul
D:12:     layout_cave_pods, erik_orc_4, serial_shops, nicolae_diamond_shop,
          billiards_dpeg
D:13:     layout_irregular_city
D:14:     layout_loops_cross, david_vaults_3, infiniplex_staircase_river
D:15:     grunt_enter_depths_giant_problem, layout_cave_pods, serial_park_gazebo
          [serial_park_minivault_5x5_5], nicolae_diode_quadrants, uniq_agnes
Temple:   nicolae_temple_godzebo
Lair:1:   layout_regular_city, uniq_grum
Lair:2:   layout_chaotic_city, minmay_swamp_entry_swarm,
          minmay_lair_oklob_bushes, lemuel_oklob_altar
Lair:3:   layout_regular_city, guppyfry_snake_entry_garden, roderic_batcave,
          minmay_lindwurm_lava, lemuel_fruit_fields, uniq_nessos
Lair:4:   layout_misc_corridors, dpeg_slime_entry_corner
Lair:5:   hangedman_lair_tendril_chambers, layout_cave_pods, serial_forest,
          infiniplex_forest_clump_diagonal, infiniplex_forest_clump_long,
          infiniplex_forest_zigzag_2, infiniplex_forest_lined_corner,
          infiniplex_forest_clump_double, nicolae_lair_lakeside_cave, uniq_sonja
Swamp:1:  layout_basic_swamp, nicolae_swamp_orc_logging_accident, swamp_pool4
Swamp:2:  layout_basic_swamp, hangedman_swamp_ruin_hall,
          infiniplex_staircase_pool
Swamp:3:  layout_falls_marsh, nicolae_swamp_small_spring, swamp_pool5,
          nicolae_swamp_triple_paths
Swamp:4:  swamp_icy, layout_basic_swamp, uniq_aizul, uniq_mara
Snake:1:  layout_cave_shapes, hangedman_snake_thin_pillar_pass,
          nicolae_snake_the_dead_are_slithering
Snake:2:  layout_basic, nicolae_triple_integral, grunt_megastairs_2,
          uniq_vashnia
Snake:3:  kennysheep_six_static_rooms, layout_misc_corridors, basic_altar,
          serial_bayou_shore_a
Snake:4:  grunt_snake_rune_pools, layout_misc_corridors, minmay_shop_grove,
          grunt_megastairs_5
Orc:1:    layout_diamond_mine, basic_altar, ebering_ghost_rock_garden,
          nicolae_orc_bridge_out, mines4_lemuel
Orc:2:    kennysheep_orc_mage_school, layout_diamond_mine
Elf:1:    elf_arrival_002, layout_geoelf_octagon,
          hangedman_elven_crosses_minicolossus, solitary_fountain
Elf:2:    nicolae_elf_blades_crystal_corner, layout_onion_city
Elf:3:    minmay_elf_hall_x, layout_onion_city, serial_shops, shop, uniq_zenata
Vaults:1: v_misc_16, grunt_vaults_bifocal, vaults_dpeg_spiral,
          hangedman_vaults_cutoff, nicolae_vaults_little_squares_2,
          vaults_room_boxed, nicolae_vaults_little_squares_1,
          ontoclasm_vaults_claustrophobia, vaults_room_ringed_pool,
          nicolae_vaults_sealed_display, v_misc_23, layout_vaults_ring
Vaults:2: v_misc_13, grunt_vaults_twisty, vaults_room_pools,
          kennysheep_vaults_gozag_temple, nicolae_vaults_ring_of_whatevers,
          nicolae_vaults_little_squares_1, minmay_crypt_entry_necro_gods,
          vaults_mumra_hex, layout_vaults_quadrants, serial_shops,
          nicolae_shop_trees
Vaults:3: nicolae_vaults_little_squares_3, nicolae_vaults_network_square,
          grunt_vaults_hallway_short, v_misc_23, ontoclasm_vaults_twist,
          ontoclasm_vaults_ligature, vaults_room_pool, v_misc_32,
          grunt_vaults_funnel, nicolae_vaults_theta, vaults_room_guarded_vault,
          layout_vaults_chaotic_city, serial_shops, freezing_bzr
Vaults:4: vaults_room_pools, vaults_mumra_lcd, nicolae_vaults_ninety_degrees,
          grunt_vaults_trifunnel, nicolae_vaults_circle_grid_a,
          ontoclasm_vaults_ring_small, ontoclasm_vaults_idyll,
          vaults_room_door_hall, vaults_dpeg_encased_lava,
          nicolae_vaults_mini_display_case, ontoclasm_vaults_idyll,
          vaults_room_fancy_cross, v_rooms_1, layout_vaults_maze, serial_shops,
          nicolae_shop_statue_plus
Vaults:5: serial_shops, uniq_margery
Crypt:1:  layout_gridlike, nzn_ghost_randoct, small_chamber_with_monster,
          grunt_ministairs_5, weyrava_ghost_lake
Crypt:2:  layout_regular_city, st_stairs_4
Depths:1: layout_basic, mu_enter_wizlab_3, hell_entry, fedhas_altar_2,
          serial_bayou_shore_b, minmay_shoptagon
Depths:2: minmay_bloctagon_deflated, layout_cave_pools, enter_ziggurat_f,
          rand_demon_pan_entry_9, minmay_staircase_statues, hell_entry,
          kennysheep_generic_room_11
Depths:3: minmay_diamond_stairs, layout_gridlike, abyss_entry_small_statue_room,
          rand_demon_pan_entry_4, minmay_fountain_box, hell_entry,
          infiniplex_staircase_zigzag_4, uniq_grunn, uniq_sojobo
Depths:4: lemuel_castle_with_subvaults [lemuel_castle_interior_original],
          layout_cave_pools, serial_shops, shop_statue,
          nicolae_trove_entry_free_sample, pf_hell_entry_tar_river,
          grunt_pan_entry_zigzag, kilobyte_rumbling_trees
Hell
Zot:1:    layout_basic, st_large_dragon_hoard_2, uniq_tiamat
Zot:2:    layout_gridlike
Zot:3:    layout_gridlike
Zot:4:    layout_basic, gammafunk_ghost_berserking_beasts, uniq_josephina
Zot:5:    layout_gridlike, ebering_ghost_reflecting_pool

Skill      XL: |  1  2  3  4  5  6  7  8  9 10 11 12 13 14 15 16 17 18 19 20 21 22 23 24 25 26 27 |
---------------+----------------------------------------------------------------------------------+-----
Maces & Flails | 2 3 4 5 7 8 10 13 15 16 18 19 20 21 22 23 24 | 24.3
Fighting       | 5 8 11 13 14 15 16 17 18 19 20 | 20.3
Armour         | 7 10 12 13 15 16 17 18 19 20 21 24 25 | 25.3
Shields        | 4 10 12 14 15 16 18 19 | 19.4
Invocations    | 4 7 9 10 12 13 14 | 14.0
Evocations     | 3 6 8 10 11 | 11.4
Stealth        | 5 6 8 9 |  9.0
Dodging        | 7 9 10 11 13 | 13.6
Air Magic      | 2 4 |  4.5

Action                     |  1- 3 |  4- 6 |  7- 9 | 10-12 | 13-15 | 16-18 | 19-21 | 22-24 | 25-27 || total
---------------------------+-------+-------+-------+-------+-------+-------+-------+-------+-------++-------
  Melee: Flail             |    98 |       |       |       |       |       |       |       |       ||    98
         Tailslap          |    10 |    12 |    32 |    70 |   142 |   174 |   314 |   200 |   414 ||  1368
         Morningstar       |       |   121 |   151 |    54 |       |       |  1269 |   918 |  1731 ||  4244
         Dire flail        |       |       |    69 |   496 |   718 |       |       |       |       ||  1283
         Great mace        |       |       |       |       |   287 |  1113 |   238 |       |       ||  1638
   Fire: Longbow           |       |       |       |     4 |    53 |       |       |       |       ||    57
  Throw: Dart              |       |     5 |    10 |     5 |       |       |       |       |       ||    20
 Invoke: Major Destruction |       |       |       |       |     1 |     5 |       |       |       ||     6
         Greater Servant o |       |       |       |       |       |     1 |     6 |     2 |     4 ||    13
  Evoke: Wand              |       |       |       |     4 |     2 |     2 |    12 |     6 |    28 ||    54
         Condenser vane    |       |       |       |       |       |       |       |     2 |     3 ||     5
         Phantom mirror    |       |       |       |       |       |       |       |     1 |     1 ||     2
    Use: Potion            |       |     2 |     3 |     7 |     6 |    12 |    10 |     5 |    29 ||    74
         Scroll            |       |       |    10 |    16 |    19 |    17 |    16 |     4 |    14 ||    96
   Stab: Distracted        |       |       |       |       |       |     1 |     1 |     3 |     4 ||     9
         Sleeping          |       |       |       |       |       |       |       |     2 |     1 ||     3
         Confused          |       |       |       |       |       |       |       |       |     1 ||     1
 Armour: Scale mail        |    44 |    72 |   148 |    52 |       |       |       |       |       ||   316
         Chain mail        |       |       |       |   238 |   813 |  1230 |   984 |   540 |   783 ||  4588
  Dodge: Dodged            |    32 |    51 |    89 |   210 |   535 |   794 |   246 |   216 |   305 ||  2478
  Block: Buckler           |    19 |    34 |    46 |    15 |       |       |       |       |       ||   114
         Tower shield      |       |       |       |       |       |       |  1171 |   978 |  1990 ||  4139

Table legend: (Time is in decaauts)
 A = Elapsed time spent in this place.
 B = Non-inter-level travel time spent in this place.
 C = Inter-level travel time spent in this place.
 D = Time resting spent in this place.
 E = Time spent auto-exploring this place.
 F = Levels seen in this place.
 G = Mean time per level.
                   A        B        C        D        E       F      G
               +--------+--------+--------+--------+--------+-----+--------+
         Total |  67888 |  58972 |   8916 |   8861 |  30662 |  55 | 1234.3 |
       Dungeon |  17149 |  14348 |   2801 |   2256 |   8804 |  15 | 1143.3 |
        Temple |    144 |    121 |     23 |      0 |     96 |   1 |  144.0 |
          Lair |   7870 |   6776 |   1094 |   1364 |   4057 |   5 | 1574.0 |
         Swamp |   3363 |   3244 |    119 |    346 |   1693 |   4 |  840.8 |
     Snake Pit |   5583 |   4417 |   1166 |    444 |   2170 |   4 | 1395.8 |
  Orcish Mines |   2286 |   1924 |    362 |     53 |   1177 |   2 | 1143.0 |
   Elven Halls |   3995 |   3837 |    158 |    126 |   1768 |   3 | 1331.7 |
        Vaults |  10779 |   8713 |   2066 |   1242 |   4436 |   5 | 2155.8 |
         Crypt |   2159 |   2052 |    107 |    364 |    708 |   2 | 1079.5 |
        Depths |   6365 |   5614 |    751 |   1173 |   2578 |   4 | 1591.2 |
          Hell |      3 |      3 |      0 |      0 |      0 |   1 |    3.0 |
           Zot |   6746 |   6481 |    265 |   1222 |   2803 |   5 | 1349.2 |
        Bazaar |     95 |     95 |      0 |      0 |     34 |   1 |   95.0 |
         Trove |    172 |    172 |      0 |      0 |      0 |   1 |  172.0 |
        Bailey |    745 |    745 |      0 |    175 |    326 |   1 |  745.0 |
        Wizlab |    427 |    427 |      0 |     94 |     11 |   1 |  427.0 |
               +--------+--------+--------+--------+--------+-----+--------+

Top non-repeatable levels by time:
Vaults:4: 2909 daAuts
Depths:4: 2363 daAuts
Vaults:3: 2204 daAuts
Vaults:2: 2199 daAuts
  Lair:5: 2112 daAuts
Vaults:1: 2106 daAuts
   Zot:5: 2034 daAuts
 Snake:4: 2024 daAuts
     D:5: 1945 daAuts
   Elf:3: 1926 daAuts
     D:9: 1901 daAuts
     D:8: 1812 daAuts
  Lair:3: 1725 daAuts
  Lair:2: 1715 daAuts
Depths:3: 1676 daAuts
